 Dungeon Crawl Stone Soup version 0.27-a0-1273-gec92ba881d (webtiles) character file.

Game seed: 2091221204880598618

226 pokeman the Magician (level 5, -1/29 HPs)
             Began as a Deep Elf Hedge Wizard on June 11, 2021.
             Killed by miscasting Mephitic Cloud (6 damage)
             ... on level 4 of the Dungeon.
             The game lasted 00:07:01 (4872 turns).

pokeman the Magician (Deep Elf Hedge Wizard)        Turns: 4872, Time: 00:07:02

Health: -1/29      AC:  3    Str:  7    XL:     5   Next: 69%
Magic:  7/16       EV: 12    Int: 20    God:
Gold:   132        SH:  0    Dex: 14    Spells: 6/17 levels left

rFire    . . .     SeeInvis .   t - +0 whip (flame)
rCold    . . .     Faith    .   (no shield)
rNeg     . . .     Spirit   .   f - +0 leather armour
rPois    .         Reflect  .   c - +0 hat
rElec    .         Harm     .   (no cloak)
rCorr    .         Rampage  .   (no gloves)
Will     .....                  (no boots)
Stlth    ++........             (no amulet)
HPRegen  0.09/turn              (no ring)
MPRegen  0.15/turn              (no ring)

@: very slightly contaminated
A: no striking features
a: no special abilities


You were on level 4 of the Dungeon.
You visited 1 branch of the dungeon, and saw 4 of its levels.

You collected 132 gold pieces.

Inventory:

Hand Weapons
 t - a +0 whip of flaming (weapon)
Missiles
 d - 56 bolts
 k - 30 arrows
Armour
 c - a +0 hat (worn)
 f - a +0 leather armour (worn)
 m - a +0 pair of gloves
Wands
 n - a wand of polymorph (10)
Scrolls
 a - a scroll of fog {unknown}
 b - a scroll of enchant weapon {unknown}
 g - 6 scrolls of identify {unknown}
 h - a scroll of fear {unknown}
 o - a scroll of acquirement {unknown}
 p - 3 scrolls of enchant armour {unknown}
 q - 2 scrolls of magic mapping {unknown}
Potions
 e - a potion of heal wounds {unknown}
 i - a potion of attraction {unknown}
 j - a potion of cancellation {unknown}
 l - 3 potions of lignification {unknown}
 r - a potion of curing {unknown}
 s - a potion of mutation {unknown}


   Skills:
 - Level 1.0 Fighting
 - Level 1.0 Armour
 - Level 3.0 Dodging
 - Level 3.0 Stealth
 * Level 6.5 Spellcasting
 + Level 2.8 Conjurations
 - Level 1.1 Summonings
 - Level 1.1 Translocations
 - Level 1.0 Fire Magic
 - Level 1.0 Air Magic
 + Level 0.1 Poison Magic
 + Level 0.0 Evocations


You had 6 spell levels left.
You knew the following spells:

 Your Spells              Type           Power      Damage    Failure   Level
a - Magic Dart            Conj           68%        1d6       4%          1
b - Mephitic Cloud        Conj/Pois/Air  11%        N/A       26%         3
c - Call Imp              Summ           10%        N/A       14%         2
d - Blink                 Tloc           N/A        N/A       14%         2
e - Conjure Flame         Conj/Fire      14%        6-21      19%         3

Your spell library contained the following spells:

 Spells                   Type           Power      Damage    Failure   Level
 Foxfire                  Conj/Fire      56%        2x1d6     6%          1
 Slow                     Hex            6%         N/A       22%         2
 Inner Flame              Hex/Fire       8%         N/A       34%         3
 Sticky Flame             Conj/Fire      14%        2d4       54%         4
 Fireball                 Conj/Fire      7%         3d5       87%         5


Dungeon Overview and Level Annotations

Branches:
Dungeon (4/15)
 Temple: D:4-7

Altars:
Uskayaw


Message History

The gnoll's wounds heal themselves!
The gnoll hits you with a +0 whip!
The gnoll shaman calls upon its god to speed up the gnoll.
The gnoll seems to speed up.
The gnoll hits you with a +0 whip. The gnoll barely misses you.
The gnoll completely misses you. The gnoll hits you with a +0 whip!
The gnoll hits you with a +0 whip.
You enter the shallow water.
Moving in this stuff is going to be slow.
The gnoll hits you with a +0 whip.
* * * LOW HITPOINT WARNING * * *
The gnoll hits you with a +0 whip.
* * * LOW HITPOINT WARNING * * *
Casting: Magic Dart (safe; 4% risk of failure)
Confirm with . or Enter, or press ? or * to list all spells.
The spell is quite dangerous to cast (26% risk of failure)!
Continue anyway?
Aiming: Mephitic Cloud (quite dangerous; 26% risk of failure)
Press: ? - help, Shift-Dir - straight line The ball explodes into a vile cloud!
The stinking cloud engulfs the gnoll but does no damage.
The gnoll is engulfed in noxious fumes.
The gnoll appears confused.
Unknown command.
Unknown command.
The gnoll is engulfed in noxious fumes.
The gnoll appears confused.
The gnoll is engulfed in noxious fumes.
The gnoll appears confused.
The gnoll shaman calls upon its god to heal the gnoll.
The gnoll's wounds heal themselves!
The gnoll gestures wildly.
Casting: Mephitic Cloud (quite dangerous; 26% risk of failure)
Confirm with . or Enter, or press ? or * to list all spells.
The spell is quite dangerous to cast (26% risk of failure)!
Continue anyway?
Aiming: Mephitic Cloud (quite dangerous; 26% risk of failure)
Press: ? - help, Shift-Dir - straight line, f - gnoll shaman
Aim: a gnoll shaman, wielding a +0 whip and wearing a +0 robe (chance to affect: 86%)
You miscast Mephitic Cloud.
You are very lightly contaminated with residual magic.
You are blasted with air.
You die...

#...............##
#.##.#g..##.#####
. #...##.n.....#
#.##............#
.........g.###.###
#.........###≈≈≈#
#.....<)).#.≈≈≈≈#
#...#..#...≈g≈≈##
#......###).gg..@#
.....####.[..ng..#
..... #........#.#
.... #....#......#
..........########
.###.....# #.....
...#.# ...##


You could see a necrophage, a gnoll shaman and 3 gnolls.

Vanquished Creatures
  An orc wizard (D:3)
  2 gnolls (D:4)
  8 adders
  A worm (D:2)
  A dart slug (D:1)
  12 orcs
  4 endoplasms
  2 giant cockroaches
  6 goblins
  4 hobgoblins
  8 jackals
  5 kobolds
  3 quokkas
  5 ball pythons
  9 bats
  4 frilled lizards
  11 rats
86 creatures vanquished.

Vanquished Creatures (collateral kills)
  An adder (D:2)
  3 orcs (D:2)
4 creatures vanquished.

Grand Total: 90 creatures vanquished

Notes
Turn   | Place    | Note
-------+----------+-------------------------------------------
     0 | D:1      | pokeman the Deep Elf Hedge Wizard began the quest for the
                  | Orb.
     0 | D:1      | Reached XP level 1. HP: 10/10 MP: 7/7
   377 | D:1      | Reached XP level 2. HP: 16/16 MP: 7/9
  1011 | D:1      | Found a faded altar of an unknown god.
  1020 | D:1      | Reached skill level 5 in Spellcasting
  1539 | D:1      | Reached XP level 3. HP: 19/20 MP: 3/11
  1547 | D:1      | Learned a level 3 spell: Mephitic Cloud
  1550 | D:1      | Learned a level 2 spell: Call Imp
  1553 | D:1      | Learned a level 2 spell: Blink
  1557 | D:1      | Learned a level 3 spell: Conjure Flame
  1981 | D:2      | Reached skill level 1 in Fighting
  2067 | D:2      | Reached skill level 1 in Armour
  2124 | D:2      | Found a hide-covered altar of Uskayaw.
  2282 | D:2      | Reached XP level 4. HP: 18/25 MP: 4/13
  3016 | D:2      | Reached skill level 1 in Fire Magic
  3540 | D:3      | Reached skill level 6 in Spellcasting
  3572 | D:3      | Reached XP level 5. HP: 23/29 MP: 6/15
  4738 | D:4      | Reached skill level 1 in Air Magic
  4843 | D:4      | Noticed a necrophage
  4872 | D:4      | Killed by miscasting Mephitic Cloud

Illustrated notes

Levels and vault maps discovered:
D:1:      dpeg_arrival_prison, layout_loops_corners,
          ebering_ecumenical_altar_webs
D:2:      layout_basic, basic_altar
D:3:      layout_basic
D:4:      layout_cave_pools, serial_column_ruins, column_ruins_hut,
          column_ruins_open_small_water, column_ruins_open_tiny,
          column_ruins_grid_1, column_ruins_columns_straight,
          column_ruins_grid_1, uniq_sigmund

Skill      XL: |  1  2  3  4  5 |
---------------+----------------+-----
Spellcasting   | 5 6 |  6.5
Fighting       | 1 |  1.0
Armour         | 1 |  1.0
Conjurations   | 2 |  2.8
Fire Magic     | 1 |  1.0
Dodging        | 3 |  3.0
Air Magic      | 1 |  1.0
Stealth        | 3 |  3.0
Summonings     | |  1.1
Translocations | |  1.1
Poison Magic   | |  0.1

Action                   |  1- 3 |  4- 6 || total
-------------------------+-------+-------++-------
Melee: Dagger            |    28 |    21 ||    49
 Cast: Magic Dart        |    99 |   125 ||   224
       Call Imp          |     1 |     6 ||     7
       Mephitic Cloud    |       |     1 ||     1
Armor: Leather armour    |    18 |    13 ||    31
Dodge: Dodged            |    36 |    35 ||    71

Table legend: (Time is in decaauts)
 A = Elapsed time spent in this place.
 B = Non-inter-level travel time spent in this place.
 C = Inter-level travel time spent in this place.
 D = Time resting spent in this place.
 E = Time spent auto-exploring this place.
 F = Levels seen in this place.
 G = Mean time per level.
                   A        B        C        D        E       F      G
               +--------+--------+--------+--------+--------+-----+--------+
         Total |   4871 |   4823 |     48 |      0 |   4315 |   4 | 1217.8 |
       Dungeon |   4871 |   4823 |     48 |      0 |   4315 |   4 | 1217.8 |
               +--------+--------+--------+--------+--------+-----+--------+

Top non-repeatable levels by time:
     D:1: 1900 daAuts
     D:2: 1373 daAuts
     D:3: 1295 daAuts
     D:4: 301 daAuts
